 Dungeon Crawl Stone Soup version 0.31-a0-986-g5e6e4ef867 (webtiles) character file.

Game seed: 700669354298701948

1211 croobank the Trooper (level 8, 0/70 HPs)
             Began as a Black Draconian Berserker on Nov 21, 2023.
             Was a Believer of Trog.
             Slain by an orc wizard
             ... wielding a +2 dagger of freezing
              (1 damage)
             ... on level 5 of the Dungeon.
             The game lasted 00:10:50 (5223 turns).

croobank the Trooper (Black Draconian Berserker)    Turns: 5223, Time: 00:10:51

Health: 0/70       AC:  6    Str: 22    XL:     8   Next: 22%
Magic:  8/8        EV: 13    Int:  7    God:    Trog [**....]
Gold:   207        SH:  0    Dex: 11    Spells: 7/7 levels left

rFire   . . .        h - +2 short sword (vamp)
rCold   . . .        (no shield)
rNeg    . . .        (body armour unavailable)
rPois   .            (helmet currently unavailable)
rElec   +            (cloak currently unavailable)
rCorr   .            c - melded +0 pair of gloves
SInv    .            (boots currently unavailable)
Will    ++...        (no amulet)
Stlth   +            (no ring)
HPRegen 1.31/turn    (no ring)
MPRegen 0.11/turn

%: no passive effects
@: brilliant, beast-form, strong-willed, regenerating
A: beast (slay +2), breathe lightning, AC +6, unfitting armour, electricity
resistance, cold-blooded
a: Breathe Lightning, Begin Untransformation, Renounce Religion, Berserk, Trog's
Hand


You were on level 5 of the Dungeon.
You worshipped Trog.
Trog was pleased with you.
You were a hulking beast.
You visited 1 branch of the dungeon, and saw 5 of its levels.

You collected 265 gold pieces.
You spent 58 gold pieces at shops.

Inventory:

Hand Weapons
 a - a +1 heavy falchion
 h - a +2 vampiric short sword (weapon)
Missiles
 g - 25 poisoned darts (quivered)
Armour
 c - a +0 pair of gloves (melded)
 m - an orb of light
Talismans
 n - a beast talisman (active)
Scrolls
 i - a scroll of noise
Potions
 e - a potion of berserk rage {unknown}
 f - 2 potions of mutation {unknown}
 j - a potion of heal wounds {unknown}
 k - a potion of might {unknown}
 l - a potion of degeneration {unknown}
 o - 2 potions of curing {unknown}
 p - a potion of lignification {unknown}
 q - a potion of cancellation {unknown}


   Skills:
 + Level 6.0 Fighting
 + Level 5.3 Long Blades
 + Level 4.8 Dodging
 + Level 4.0 Shields
 + Level 3.6 Shapeshifting


You had 7 spell levels left.
You didn't know any spells.
Your spell library was empty.

Dungeon Overview and Level Annotations

Branches:
Dungeon (5/15)
 Temple: D:4-7

Altars:

Shops:
D:1 (   D:4 [


Innate Abilities, Weirdness & Mutations

You are a hulking beast.
Your limbs bulge with bestial killing power. (Slay +2)
You can breathe wild blasts of lightning.
Your glossy black scales are hard. (AC +6)
You cannot fit into any form of body armour.
You are resistant to electric shocks. (rElec)
You are cold-blooded and may be slowed by cold attacks.


Message History

You hear some strange, mumbled words.
A puff of flame appears from out of thin air!
The puff of flame hits you.
Your skin crawls.
You feel strong-willed.
The walls and floor vibrate strangely for a moment.
The orc barely misses you. Something hits you but does no damage.
A worm comes into view.
Something hits you.
Okay, then.
You completely miss something. Something hits you. Something freezes you.
* * * LOW HITPOINT WARNING * * *
The orc hits you but does no damage.
You hit something.
You feel better. Something hits you. Something hits you but does no damage.
The orc barely misses you.
You hit something but do no damage. Something hits you but does no damage.
Something hits you. Something freezes you. The orc closely misses you.
You barely miss something.
You recover from your berserk rage.
You hear some strange, mumbled words.
A puff of flame appears from out of thin air!
The puff of flame hits you.
* * * LOW HITPOINT WARNING * * *
The orc barely misses you. Something hits you.
* * * LOW HITPOINT WARNING * * *
Something freezes you.
* * * LOW HITPOINT WARNING * * *
You miss something. Something barely misses you. The orc closely misses you.
Something hits you but does no damage.
You closely miss something.
You hear some strange, mumbled words.
A magic dart appears from out of thin air!
The magic dart hits you.
* * * LOW HITPOINT WARNING * * *
The worm bites you!
* * * LOW HITPOINT WARNING * * *
The orc hits you but does no damage. Something hits you.
* * * LOW HITPOINT WARNING * * *
Something freezes you.
You die...

#....# #....#
#..).# #....#
#..w.# #....#
#....# #.w{{#
#.oh.# #....#
#....+ ######
#####....# #....#
#........#
#....####.)))....#
#........?.......#
##.............>..#
..####....####....#


You could see 2 worms and an orc.

Vanquished Creatures
  Grinder (D:4)
  Eustachio (D:4)
  A water moccasin (D:5)
  Duvessa (D:5)
  A black bear (D:4)
  2 ogres
  Dowan (D:5)
  3 iguanas
  Ijyb (D:4)
  Natasha (thrice) (D:3)
  An orc wizard (D:5)
  3 gnolls (D:5)
  5 adders
  A white imp (D:5)
  3 dart slugs (D:1)
  6 orcs
  4 endoplasms
  2 giant cockroaches
  5 goblins
  3 hobgoblins
  3 jackals (D:4)
  3 quokkas
  2 ball pythons
  2 bats
  2 frilled lizards
  8 kobolds
  21 rats
89 creatures vanquished.

Notes
Turn   | Place    | Note
-------+----------+-------------------------------------------
     0 | D:1      | croobank the Draconian Berserker began the quest for the
                  | Orb.
     0 | D:1      | Reached XP level 1. HP: 19/19 MP: 1/1
   348 | D:1      | Reached XP level 2. HP: 26/26 MP: 2/2
   495 | D:1      | Found Juzeckadd's Weapon Boutique.
   495 | D:1      | Noticed a +0 demon trident
   495 | D:1      | Noticed a +0 rapier
  1174 | D:2      | Reached XP level 3. HP: 33/33 MP: 3/3
  1176 | D:2      | Reached ** piety under Trog
  1270 | D:2      | You fall into a shaft and drop 1 floor!
  1759 | D:2      | Reached skill level 4 in Fighting
  2123 | D:3      | Noticed Natasha
  2133 | D:3      | Killed Natasha
  2134 | D:3      | Reached skill level 1 in Shields
  2134 | D:3      | Reached skill level 1 in Shapeshifting
  2134 | D:3      | Reached XP level 4. HP: 6/40 MP: 4/4
  2308 | D:3      | Noticed Natasha
  2315 | D:3      | Killed Natasha
  2824 | D:3      | Noticed Natasha
  2839 | D:3      | Killed Natasha
  2840 | D:3      | Reached XP level 5. HP: 33/47 MP: 5/5
  3194 | D:4      | Found Biseig's Armour Emporium.
  3210 | D:4      | Bought a +0 pair of gloves for 58 gold pieces
  3275 | D:4      | Noticed Ijyb
  3277 | D:4      | Paralysed by Ijyb for 3 turns
  3283 | D:4      | Killed Ijyb
  3746 | D:4      | Noticed an ogre
  3757 | D:4      | Killed an ogre
  3760 | D:4      | Reached XP level 6. HP: 53/53 MP: 6/6
  3789 | D:4      | Noticed Eustachio
  3799 | D:4      | Killed Eustachio
  4066 | D:4      | Reached skill level 5 in Fighting
  4285 | D:4      | Your scales start taking on a glossy black colour.
  4285 | D:4      | Reached XP level 7. HP: 61/61 MP: 7/7
  4285 | D:4      | Gained mutation: You are resistant to electric shocks.
                  | (rElec) [Black Draconian growth]
  4479 | D:5      | Entered Level 5 of the Dungeon
  4479 | D:5      | Noticed Duvessa
  4479 | D:5      | Noticed Dowan
  4486 | D:5      | Noticed Grinder
  4488 | D:5      | Killed Duvessa
  4525 | D:4      | Killed Grinder
  5090 | D:5      | Killed Dowan
  5091 | D:5      | Reached skill level 5 in Long Blades
  5178 | D:5      | Reached XP level 8. HP: 30/70 MP: 8/8
  5204 | D:5      | Reached skill level 6 in Fighting
  5223 | D:5      | HP: 1/70 [something (3)]
  5223 | D:5      | Slain by an orc wizard

Illustrated notes

Levels and vault maps discovered:
D:1:      dpeg_arrival_short_road, layout_loops_corners, serial_shops,
          nicolae_shop_mannequins, hangedman_decor_diamond_cutter
D:2:      layout_loops_ring, minmay_rat_hole
D:3:      layout_basic, serial_bayou_lagoon_b, uniq_natasha
D:4:      layout_basic, serial_shops, nicolae_shop_advertising_works
          [nicolae_subvault_shop_adworks], serial_curves, eino_curves_03,
          eino_curves_03, uniq_ijyb, uniq_eustachio
D:5:      cheibrodos_fertilizer, layout_gridville, lightli_sewer_entry_pipes,
          sigmund_army, uniq_duvessa, uniq_grinder, uniq_prince_ribbit1

Skill      XL: |  1  2  3  4  5  6  7  8 |
---------------+-------------------------+-----
Dodging        | 3 4 |  4.8
Fighting       | 4 5 6 |  6.0
Shields        | 1 2 3 4 |  4.0
Shapeshifting  | 1 2 3 |  3.6
Long Blades    | 4 5 |  5.3

Action                     |  1- 3 |  4- 6 |  7- 9 || total
---------------------------+-------+-------+-------++-------
  Melee: Falchion          |   132 |    28 |       ||   160
         Tailslap          |    14 |     9 |    11 ||    34
         Punch             |     2 |       |     1 ||     3
         Short sword       |       |    55 |    80 ||   135
  Throw: Dart              |       |     2 |       ||     2
 Invoke: Berserk           |     1 |     5 |     3 ||     9
         Trog's Hand       |     1 |       |     3 ||     4
Ability: Begin Untransform |       |     1 |       ||     1
         Breathe Lightning |       |       |     2 ||     2
  Evoke: Wand              |       |     1 |     3 ||     4
    Use: Scroll            |     8 |     3 |       ||    11
         Potion            |       |       |     2 ||     2
   Stab: Sleeping          |     2 |       |       ||     2
         Paralysed         |       |     5 |     4 ||     9
 Armour: Skin              |    70 |    51 |    68 ||   189
  Dodge: Dodged            |    74 |    52 |    58 ||   184
   Form: Beast             |     1 |     1 |       ||     2

Table legend: (Time is in decaauts)
 A = Elapsed time spent in this place.
 B = Non-inter-level travel time spent in this place.
 C = Inter-level travel time spent in this place.
 D = Time resting spent in this place.
 E = Time spent auto-exploring this place.
 F = Levels seen in this place.
 G = Mean time per level.
                   A        B        C        D        E       F      G
               +--------+--------+--------+--------+--------+-----+--------+
         Total |   5348 |   5055 |    293 |   1752 |   2573 |   5 | 1069.6 |
       Dungeon |   5348 |   5055 |    293 |   1752 |   2573 |   5 | 1069.6 |
               +--------+--------+--------+--------+--------+-----+--------+

Top non-repeatable levels by time:
     D:4: 1835 daAuts
     D:3: 1481 daAuts
     D:1: 1030 daAuts
     D:2: 855 daAuts
     D:5: 144 daAuts
